 Dungeon Crawl Stone Soup version 0.18-a0-1303-g41c131c (webtiles) character file.

135 nuthulu the Insei (level 5, -3/28 HPs)
             Began as a Vine Stalker Monk on Feb 12, 2016.
             Killed by nerve-wracking pain
             ... invoked by Grinder
              (7 damage)
             ... on level 3 of the Dungeon.
             The game lasted 00:04:00 (2055 turns).

nuthulu the Insei (Vine Stalker Monk)               Turns: 2055, Time: 00:04:01

Health: -3/28      AC:  2    Str: 14    XL:     5   Next: 18%
Magic:  0/6        EV: 14    Int: 10    God:
Gold:   45         SH:  0    Dex: 17    Spells: 0 memorised, 4 levels left

rFire  . . .     SeeInvis .       - Unarmed
rCold  . . .     Gourm    .     a - +0 robe
rNeg   . . .     Faith    .     (no shield)
rPois  .         Spirit   +     (no helmet)
rElec  .         Dismiss  .     (no cloak)
rCorr  .         Reflect  .     (no gloves)
SustAt .         Harm     .     (no boots)
MR     .....                    (no amulet)
Stlth  +++.......               (no ring)
                                (no ring)

@: very slightly contaminated, hasted, very quick, not resistant to hostile
enchantments, fairly stealthy
A: fangs 2, regeneration 1, magic shield, antimagic bite, no device heal 3, rot
immunity
a: no special abilities


You were on level 3 of the Dungeon.
You were not hungry.

You visited 1 branch of the dungeon, and saw 3 of its levels.

You collected 45 gold pieces.

Inventory:

Armour
 a - a +0 robe (worn)
 c - a +0 scale mail
Wands
 h - a wand of disintegration (16/24)
Potions
 d - a potion of mutation
 e - 2 potions of curing
Comestibles
 b - 2 bread rations
 f - a meat ration
 g - a chunk of flesh
 j - a slice of pizza


   Skills:
 + Level 3.5 Fighting
 + Level 3.2 Dodging
 + Level 3.7 Stealth
 + Level 4.6 Unarmed Combat


You had 4 spell levels left.
You didn't know any spells.

Dungeon Overview and Level Annotations

Branches:
Dungeon (3/15)

Altars:
Fedhas

Annotations:
D:3 Grinder


Innate Abilities, Weirdness & Mutations

You have extremely sharp teeth.
Your natural rate of healing is unusually fast.
When hurt, damage is shared between your health and your magic reserves.
Your bite disrupts and absorbs the magic of your enemies.
Potions and wands cannot restore your health.
You are immune to rotting.


Message History

Grinder's magic leaks into the air.
You drain his magic.
You feel invigorated.
Grinder is moderately wounded.
Grinder hits you.
* * * LOW HITPOINT WARNING * * *
You writhe in agony.
* * * LOW HITPOINT WARNING * * *
You hit Grinder. You bite Grinder.
Grinder's magic leaks into the air.
You drain his magic.
You feel invigorated.
Grinder is moderately wounded.
You barely miss Grinder.
Grinder is moderately wounded.
Grinder misses you.
You closely miss Grinder. You bite Grinder.
Grinder's magic leaks into the air.
You drain his magic.
You feel invigorated.
Grinder is moderately wounded.
You hit Grinder. Your bite misses Grinder.
Grinder is moderately wounded.
Grinder gestures at you. Pain shoots through your body!
You die...

#..............
.##########./..........).
.........................
###..........(...........
........##...............
.######.#................
#####.....................
.>....##.5)...........
#.......@............
.##.#####...............
.....###.................
...[....................
........................
....###.............#
.##.###.##..........#
#.....##..........#
###....#######.#..#


You could see Grinder.

Vanquished Creatures
  Terence (D:3)
  7 adders
  An ooze (D:2)
  2 worms (D:2)
  A giant gecko (D:3)
  A ball python (D:1)
  A giant cockroach (D:1)
  3 goblins (D:2)
  4 hobgoblins
  3 jackals (D:2)
  5 bats
  3 giant newts
  5 kobolds
  3 rats (D:2)
40 creatures vanquished.

Notes
Turn   | Place    | Note
--------------------------------------------------------------
     0 | D:1      | nuthulu the Vine Stalker Monk began the quest for the Orb.
     0 | D:1      | Reached XP level 1. HP: 11/11 MP: 2/2
   593 | D:1      | Reached XP level 2. HP: 14/16 MP: 1/3
  1148 | D:2      | Reached XP level 3. HP: 8/20 MP: 1/4
  1407 | D:2      | Reached XP level 4. HP: 16/24 MP: 3/5
  1670 | D:2      | Found a blossoming altar of Fedhas.
  1927 | D:3      | Noticed Grinder
  1936 | D:3      | Noticed Terence
  1963 | D:3      | Killed Terence
  1963 | D:3      | Reached XP level 5. HP: 10/28 MP: 3/6
  2055 | D:3      | Killed from afar by Grinder

Vault maps used:
D:1:      dpeg_arrival_yet_another_circle
D:2:      fedhas_altar_3
D:3:      uniq_natasha, uniq_robin, uniq_terence, uniq_grinder

Action                   |  1- 3 |  4- 6 || total
-------------------------+-------+-------++-------
Melee: Unarmed           |    92 |    76 ||   168
Throw: Throwing net      |       |     1 ||     1
  Use: Scroll            |     8 |     2 ||    10
       Potion            |       |     1 ||     1
 Stab: Sleeping          |     5 |     2 ||     7
       Distracted        |       |     1 ||     1
       Held in net/web   |       |     1 ||     1
  Eat: Chunk             |     2 |     2 ||     4
